[Event "Israeli Team-ch 2023"]
[Site "Petah Tikva"]
[Date "2023.02.10"]
[Round "7.32"]
[White "Parkhov, Yair"]
[Black "Shohat, Yotam"]
[Result "1-0"]
[ECO "E71"]
[WhiteElo "2467"]
[BlackElo "2284"]
[Annotator "TA"]
[PlyCount "127"]
[EventDate "2023.01.13"]
[EventCountry "ISR"]
[SourceTitle "playchess.com"]
[Source "ChessBase"]
[SourceQuality "1"]
[TimeControl "40/5400+30:1800+30"]

1. d4 Nf6 2. c4 g6 3. Nc3 Bg7 4. e4 O-O 5. Be3 d6 6. h3 Na6 7. g4 {[%emt 0:00:08] E71: King's Indian: 4 e4 d6 5 h3.} c6 {[%emt 0:00:33] 7...e5 is becoming the main line.} 8. Nge2 Rb8 9. Ng3 {[%emt 0:06:43] White is slightly better.} b5 10. cxb5 cxb5 {[%emt 0:00:02] [#]} 11. Bxb5 $146 ({Predecessor:} 11. Bg2 b4 12. Nce2 Bd7 13. O-O Bb5 14. f4 Qa5 15. f5 Rfd8 16. g5 Nd7 17. h4 {1-0 Krejci,J (2520)-Stalmach,R (2350) CZE-ch Usti nad Labem 2022 (8)}) 11... Nc7 12. Be2 Rxb2 13. Rb1 Rxb1 14. Qxb1 Ba6 15. O-O Bxe2 16. Ncxe2 Nd7 17. Rc1 Nb6 18. d5 Na6 19. Qb5 {[%emt 0:04:58] Inhibits Nd7.} Nc5 20. Bxc5 dxc5 21. Qxc5 Be5 (21... e6 $142) 22. f4 Bb8 23. Qc6 Re8 {[%emt 0:10:45] Black is weak on the light squares} (23... Bd6 $142) 24. Kg2 {[%emt 0:06:14] White has more active pieces.} Bd6 25. e5 Bb8 (25... Bb4 $142) 26. Nc3 Qc8 27. Nb5 Qxc6 28. dxc6 a6 29. Nd4 {[%emt 0:00:47] Hoping for c7.} Rd8 30. Nge2 {[%emt 0:05:04] And now c7 would win.} (30. c7 $6 Bxc7 31. Nde2 (31. Rxc7 Rxd4 32. Rxe7 Rxf4 $11) 31... Nd5 $11) 30... Nd5 (30... Bc7 $16 {is a better defense.} 31. h4 e6) 31. Kf3 $18 g5 32. Nf5 {[%emt 0:01:30] Strongly threatening Rd1.} (32. fxg5 Bxe5 33. Rb1 e6) 32... Kf8 33. Rd1 {[%emt 0:05:04] aiming for Nc3.} (33. fxg5 $6 Bxe5 34. Ke4 Bc7) 33... e6 (33... Bc7 $142 34. Ne3 (34. fxg5 e6 $16) 34... Nb4) 34. Ne3 Ke7 (34... Bc7 $142 35. Nxd5 (35. fxg5 Nb4 $16) 35... exd5) 35. Nxd5+ (35. fxg5 Nb4 $16) 35... exd5 {[%emt 0:01:58][%mdl 4096] Endgame KRB-KRN} 36. Nd4 {[%emt 0:00:13] Black must now prevent c7.} (36. fxg5 Bxe5 37. Ke3 Rd6 $16) 36... Rc8 37. Nf5+ {[%emt 0:02:44][%mdl 64] Discovered Attack} (37. fxg5 Bxe5 38. Re1 Kd6 39. Nf5+ Ke6 40. Nd4+ Kd6 41. Nf5+ Ke6 $16) 37... Ke6 38. Nd4+ (38. fxg5 Bxe5 39. Rc1 (39. Re1 f6 $16) 39... f6 $16) 38... Ke7 39. Nf5+ {[%emt 0:00:53][%mdl 64] Discovered Attack} (39. fxg5 Bxe5 40. Re1 Kd6 41. Nf5+ Ke6 $16) 39... Ke6 40. Re1 (40. fxg5 Bxe5 41. Rc1 (41. Re1 f6 $16) 41... f6 $16) 40... gxf4 41. Nd4+ (41. Kxf4 f6 $16) 41... Ke7 42. g5 ({Not} 42. Kxf4 f6 $16) 42... Ba7 {[%emt 0:00:00] [#]} 43. Nf5+ Ke6 44. Ng7+ Ke7 45. Rc1 (45. Kxf4 Rxc6 46. Rb1 Bb6 $14) (45. Rb1 $142) 45... Be3 $2 (45... d4 46. Kxf4 d3) 46. Nf5+ Ke6 47. Nxe3 fxe3 48. Kxe3 Kxe5 {[%emt 0:00:00] [#] KR-KR} 49. c7 $1 f6 50. h4 f5 51. Kf3 d4 52. h5 f4 53. g6 hxg6 54. h6 {[%emt 0:00:04] Intending h7 and mate.} d3 55. h7 {[%emt 0:00:28] White mates.} Kd4 56. Rh1 Rh8 57. Kxf4 d2 58. Kg5 Ke3 59. Kxg6 Rc8 60. h8=Q {[%emt 0:00:13][%mdl 64] Promotion} Rxh8 61. Rxh8 d1=Q 62. Re8+ ({Stronger than} 62. c8=R Qb1+ 63. Kf6 Qxa2 $11) 62... Kf4 63. c8=Q ({Weaker is} 63. c8=R Qd6+ 64. Kf7 Qd2 $11) 63... Qd3+ 64. Kh6 {[%emt 0:00:41] Weighted Error Value: White=0.33/Black=0.33} 1-0

[Event "Israeli Team-ch 2023"]
[Site "Petah Tikva"]
[Date "2023.02.10"]
[Round "7.33"]
[White "Kupervaser, Erez"]
[Black "Mikhalevski, Alexander"]
[Result "1/2-1/2"]
[ECO "C45"]
[WhiteElo "2293"]
[BlackElo "2414"]
[Annotator "TA"]
[PlyCount "45"]
[EventDate "2023.01.13"]
[EventCountry "ISR"]
[SourceTitle "playchess.com"]
[Source "ChessBase"]
[SourceQuality "1"]
[TimeControl "40/5400+30:1800+30"]

1. e4 e5 2. Nf3 Nc6 3. d4 exd4 4. Nxd4 Nf6 5. Nxc6 bxc6 6. e5 Qe7 7. Qe2 Nd5 8. h4 Qe6 {[%emt 0:05:51] C45: Scotch Game.} 9. Nd2 $1 {[%emt 0:02:25] The main line 9.Nd2 scores better than 9.g3.} a5 10. g3 {[%emt 0:02:25] [#]} Bc5 $146 {[%emt 0:22:12] Black is slightly better.} (10... Nb4 $5 11. Nf3 Nxa2 $11) ({Predecessor:} 10... Nb4 11. Nf3 Ba6 12. c4 Qg6 13. Kd1 c5 14. a3 Nc6 15. Bd2 Be7 16. Bc3 O-O {0-1 Mchedlishvili,M (2595)-Sargissian,G (2694) Sharjah Masters 5th 2022 (9)}) 11. Nb3 (11. c4 $11) 11... Bb6 $17 12. c4 {[%emt 0:07:57] [#]} a4 (12... Ba6 $1 $17) 13. Bh3 $11 (13. cxd5 $2 {too greedy.} Qxd5 14. Nd2 Qxh1 $19) 13... Qe7 14. Nd2 Nb4 {[%emt 0:03:45][%cal Bd5b4,Bb4a6,Ba6c5][%mdl 32] And now ...Nc2+ would win.} (14... O-O {keeps more tension.} 15. cxd5 Ba6 16. Qe4 cxd5 17. Qxd5 Rfb8) 15. Nf3 O-O 16. O-O f6 17. a3 Na6 18. Qc2 Nc5 19. exf6 {[%emt 0:08:13][%mdl 64] [#] Remove Defender} (19. Bf4 $5 ) 19... Qxf6 (19... Qe4 $15 20. Qxe4 Nxe4) 20. Ng5 $1 {[%emt 0:02:34][%csl Gg5][%cal Rc2h7] The position is equal.} g6 21. Be3 {[%emt 0:01:49] Threatens to win with Rad1.} d6 22. Bxc8 Raxc8 23. Rae1 {[%emt 0:08:17] Weighted Error Value: White=0.13 (very precise) /Black=0.11 (very precise)} 1/2-1/2

[Event "Israeli Team-ch 2023"]
[Site "Petah Tikva"]
[Date "2023.02.10"]
[Round "7.35"]
[White "Aharon, Ofir"]
[Black "Bitensky, Igor"]
[Result "0-1"]
[ECO "C41"]
[WhiteElo "2256"]
[BlackElo "2370"]
[Annotator "TA"]
[PlyCount "100"]
[EventDate "2023.01.13"]
[EventCountry "ISR"]
[SourceTitle "playchess.com"]
[Source "ChessBase"]
[SourceQuality "1"]
[TimeControl "40/5400+30:1800+30"]

1. e4 e5 2. Nf3 d6 3. d4 exd4 4. Nxd4 Nf6 5. Nc3 Be7 6. Bf4 O-O 7. Qd2 d5 {[%emt 0:03:09] [#]} 8. exd5 {[%emt 0:04:24] C41: Philidor Defence.} (8. Ndb5 $1 $16 Bb4 9. exd5 (9. Bxc7 Nxe4 10. Bxd8 Nxd2 $11) (9. Nxc7 Ba5 $11) 9... Re8+ 10. Be2) 8... Nxd5 $11 9. Nxd5 Qxd5 10. Bd3 {[%emt 0:09:14][%cal Oe1g1] The position is equal.} Bf6 {[%emt 0:06:51] [#]} (10... Qxd4 $2 11. Bxh7+ (11. Bxc7 $2 {perishes.} Qxb2 12. O-O Nc6 $19) 11... Kxh7 12. Qxd4 $18) 11. Nb5 $146 {[%emt 0:03:18][%cal Od3h7] Hoping for Bxh7+!} ({Predecessor:} 11. Ne2 Bf5 12. Bxf5 Qxf5 13. O-O Nc6 14. Ng3 Qg6 15. c3 h5 16. Rfe1 h4 17. Ne4 {0-1 Lehmann,H (2188)-Pirrot,D (2421) BL2-West 0910 2009 (1.7)}) 11... Qe6+ (11... Bxb2 $2 12. Bxh7+ (12. Nxc7 $2 {loses.} Qxg2 13. Rf1 Bxa1 $19) 12... Kxh7 13. Qxd5 $18) 12. Qe3 Na6 13. O-O Qxe3 14. fxe3 c6 15. Nd6 Nc5 16. Nxc8 Rfxc8 17. Rab1 Rd8 18. Rfd1 g6 19. b3 Re8 20. Kf2 Rad8 21. Kf3 Rd7 22. e4 Bc3 23. Be3 Bd4 24. b4 {[%emt 0:05:54] Black keeps a firm grip on the game.} (24. Bf4 $15) 24... Bxe3 $17 25. Kxe3 {[%emt 0:01:07] [#]} Nxe4 {[%emt 0:01:11][%mdl 512] Black is more active.} 26. Bxe4 Rde7 27. Rd4 f5 {[%emt 0:00:01][%cal Re7e4][%mdl 64] Pin} 28. a4 Rxe4+ $19 29. Rxe4 Rxe4+ {[%emt 0:00:03][%mdl 4096] Endgame KR-KR} ({Inferior is} 29... fxe4 30. Rd1 $11) 30. Kd3 Kf7 31. a5 Ke6 32. c3 Kd5 33. Rb2 (33. Rf1 {is a better defense.}) 33... f4 34. Rd2 Re3+ 35. Kc2+ Ke6 36. Kb3 g5 37. Rd8 Kf6 38. a6 $2 (38. Rb8 {was called for.}) 38... bxa6 {[%emt 0:01:51] Strongly threatening ...Re2.} 39. Rf8+ Kg6 {[%emt 0:00:00] White must now prevent ...Re2.} 40. Rg8+ $2 (40. Rc8 Kf5 41. Rxc6) 40... Kf6 $2 (40... Kf5 $19 41. h4 gxh4 42. Rf8+ Ke4) 41. Rc8 $2 (41. Rf8+ $1 $11 {and White stays safe.} Kg7 42. Rc8) 41... g4 {[%emt 0:08:35] And now ...Re2 would win.} 42. Rxc6+ Re6 43. Rc8 Kf5 {[%emt 0:01:48] Threatens to win with ...f3.} 44. Rc5+ Ke4 {[%emt 0:05:33] aiming for ...f3.} 45. Rc7 f3 46. gxf3+ gxf3 47. Rxh7 Rf6 {[%emt 0:00:19] Black mates.} 48. Re7+ Kd3 49. Rd7+ Ke2 50. Re7+ Kd1 {[%emt 0:00:19] Weighted Error Value: White=0.90/Black=0.14 (very precise)} 0-1

[Event "Israeli Team-ch 2023"]
[Site "Petah Tikva"]
[Date "2023.02.10"]
[Round "7.36"]
[White "Gorodetzky, Matan"]
[Black "Linker, Mikhail"]
[Result "0-1"]
[ECO "B06"]
[WhiteElo "2333"]
[BlackElo "2297"]
[Annotator "TA"]
[PlyCount "78"]
[EventDate "2023.01.13"]
[EventCountry "ISR"]
[SourceTitle "playchess.com"]
[Source "ChessBase"]
[SourceQuality "1"]
[TimeControl "40/5400+30:1800+30"]

1. e4 d6 2. d4 g6 3. Nc3 Bg7 4. Nf3 a6 5. a4 e6 6. h4 {[%emt 0:03:56] B06: Modern Defence.} h6 {[%emt 0:04:35] [#]} 7. Bf4 $146 ({Predecessor:} 7. Be3 b6 8. Be2 Nd7 9. d5 exd5 10. Bd4 Ngf6 11. exd5 Bb7 12. h5 g5 13. Qd2 {1-0 Marholev,D (2225)-Sredojevic,I (2361) Novi Sad Super Master1 op 2016 (3)}) 7... b6 8. Qd2 {[%emt 0:01:58] White is slightly better.} Bb7 9. Bd3 Nd7 10. Rd1 Ne7 11. Qc1 (11. O-O $14 {might be stronger.}) 11... Nc6 $11 12. d5 Nce5 13. Nxe5 Nxe5 14. Qe3 Nxd3+ 15. Qxd3 Qe7 16. Be3 O-O 17. h5 g5 18. O-O Rae8 19. Bd4 e5 20. Be3 Bc8 {[%emt 0:00:15] Repels g4} (20... f5 $1 $17 {[%cal Rf5f4] Strongly threatening ...f4.} 21. exf5 e4) 21. f3 (21. Ne2 $11 {keeps the balance.}) 21... g4 22. fxg4 Bxg4 23. Rde1 a5 (23... Qh4 {keeps more tension.} 24. Bd2 f5 25. exf5 Qxh5 26. Ne4 Bxf5 27. Qxa6 Qh4) 24. Bd2 Qh4 {[%emt 0:00:59] Wards off Qg3} ({Don't do} 24... Bxh5 25. Qh3 Bg6 26. Bxh6 $14) 25. Nb5 (25. Ne2 $11) 25... Re7 $1 $17 ({Much less strong is} 25... Bxh5 26. Nxc7 Re7 27. Nb5 $16) 26. b4 axb4 ({But not} 26... Bxh5 27. bxa5 bxa5 28. Bxa5 $14) 27. Bxb4 Bxh5 (27... f5 $1 $17 {[%cal Rf5f4] And now ...f4 would win.} 28. exf5 Qxh5) 28. Qc4 Bg6 29. Nxc7 $2 {[%emt 0:02:42][%mdl 8192] [#]} (29. a5 $17 bxa5 30. Bxa5) 29... Rc8 $1 $19 30. Bxd6 Rd7 31. Qb4 Rcxc7 32. Bxc7 Rxc7 33. Qxb6 Rxc2 34. Qb3 $2 (34. d6 Bf8 35. Qb3) 34... Bxe4 35. Qh3 {[%emt 0:02:08] [#]} Bxd5 $1 36. Qxh4 Rxg2+ 37. Kh1 {[%emt 0:00:03] Threatening mate with Qd8+.} Rg4+ {[%emt 0:00:04][%mdl 64] Discovered Attack. Black is clearly winning.} 38. Kh2 Rxh4+ 39. Kg3 Rxa4 {[%emt 0:00:05] Ingenious play by Linker!   Weighted Error Value: White=0.68/Black=0.29 (precise)} 0-1

[Event "Israeli Team-ch 2023"]
[Site "Petah Tikva"]
[Date "2023.05.05"]
[Round "9.2"]
[White "Khmelniker, Ilya"]
[Black "Kantsler, Boris"]
[Result "1-0"]
[ECO "A41"]
[WhiteElo "2476"]
[BlackElo "2407"]
[Annotator "TA"]
[PlyCount "65"]
[EventDate "2023.01.13"]
[EventCountry "ISR"]
[SourceTitle "playchess.com"]
[Source "ChessBase"]
[SourceQuality "1"]
[TimeControl "40/5400+30:1800+30"]

1. d4 d6 2. c4 e5 3. d5 Be7 4. Nc3 Bg5 5. Bxg5 Qxg5 6. Nf3 {[%emt 0:00:07][%cal Bg1f3,Bf3e1,Be1c2][%mdl 32] A41: 1 d4 d6: Tartakower System and Modern Defence.} Qe7 7. g3 {[%emt 0:06:08] [#]} Nf6 $146 ({Predecessor:} 7... f5 8. Bg2 Nh6 9. Qa4+ Nd7 10. c5 dxc5 11. d6 cxd6 12. Nd5 Qd8 13. Ng5 O-O {0-1 Kostic,B (2165)-Smolovic,M (2298) Belgrade Trophy 30th 2016 (5)}) 8. e4 {[%emt 0:00:19] The position is equal.} O-O 9. Bg2 a5 10. O-O Na6 11. Ne1 Nc5 12. Nc2 Bd7 13. Ne3 Rfe8 14. Qc2 Ng4 15. Nf5 Bxf5 16. exf5 Qg5 17. h4 Qh6 18. Rae1 Re7 19. Re2 Nf6 20. b3 Qh5 21. Bh3 Rae8 (21... g5 $5 ) 22. f3 g5 {[%emt 0:03:21] [#]} (22... Kh8 $11) 23. Bg4 $1 Nxg4 (23... Qh6 24. Qc1) 24. fxg4 Qxg4 25. f6 $1 Rd7 {[%emt 0:00:06] [#]} (25... Qxg3+ $2 26. Rg2 Qxh4 27. fxe7 $18) 26. Ne4 ({White should try} 26. Qf5 $1 $16 Qxf5 27. Rxf5) 26... gxh4 $11 27. Nxc5 dxc5 28. Qe4 {[%emt 0:00:19] Chess con chili.} Qxe4 (28... Qxg3+ $2 29. Rg2 $18) 29. Rxe4 {[%emt 0:00:01] Black must now prevent Rf5.} hxg3 $2 {[%emt 0:00:05][%mdl 8192] [#]} (29... h6 $11) 30. Rf5 $1 $18 {[%emt 0:01:17] White is clearly winning.} h6 (30... Rd6 $142 31. Rh4 Red8) 31. Rg4+ Kf8 32. Rh5 Rd6 33. Rxh6 {[%emt 0:00:06] Weighted Error Value: White=0.13 (very precise) /Black=0.41} (33. Rxg3 $2 {perishes.} Rxf6 34. Re3 e4 $19) 1-0

[Event "Israeli Team-ch 2023"]
[Site "Petah Tikva"]
[Date "2023.05.05"]
[Round "9.3"]
[White "Gruenfeld, Yehuda"]
[Black "Dvoirys, Semen I."]
[Result "0-1"]
[ECO "B97"]
[WhiteElo "2414"]
[BlackElo "2465"]
[Annotator "TA"]
[PlyCount "82"]
[EventDate "2023.01.13"]
[EventCountry "ISR"]
[SourceTitle "playchess.com"]
[Source "ChessBase"]
[SourceQuality "1"]
[TimeControl "40/5400+30:1800+30"]

1. e4 c5 2. Nf3 d6 3. d4 cxd4 4. Nxd4 Nf6 5. Nc3 a6 6. Bg5 e6 7. f4 Qb6 8. a3 Nc6 9. Nb3 $1 Be7 {[%emt 0:01:49] B97: Sicilian Najdorf: Poisoned Pawn.} 10. Qf3 {[%emt 1:32:26] [#]} Na5 $146 ({Predecessor:} 10... Qc7 11. O-O-O O-O 12. g4 b5 13. Bxf6 Bxf6 14. g5 Be7 15. h4 Rb8 16. f5 Ne5 17. Qf2 {1-0 Tsydypov,Z (2545)-Andriasian,Z (2604) PRO League Stage rapid 2019 (5)}) 11. Nxa5 $1 Qxa5 {[%emt 0:00:04] White is slightly better.} 12. O-O-O Bd7 {[%emt 0:00:09] [#]} (12... h6 $11 {remains equal.} 13. Bxf6 Bxf6) 13. e5 $1 $16 {[%emt 0:00:00][%mdl 64] Discovered Attack} Bc6 14. Qg3 dxe5 15. fxe5 Nh5 16. Qh4 Bxg5+ 17. Qxg5 g6 {[%emt 0:00:04] Black is weak on the dark squares} 18. Be2 (18. Bd3 $5) 18... f6 19. Qh6 Qxe5 20. Bxh5 gxh5 {[%emt 0:00:14] [#]} 21. h4 {[%emt 0:00:00] Prevents Qg5+.} Kf7 22. Rde1 ({Only move:} 22. Rhe1 $16 Qg3 23. Ne4 (23. Qxh5+ Qg6 $14) 23... Bxe4 24. Rxe4) 22... Qf5 $11 23. Rhf1 Qg6 {[%emt 0:00:06] The board is on fire.} 24. Qf4 Rhe8 25. Re5 Kg7 (25... Qxg2 {is a self mate.} 26. Qxf6+ Kg8 27. Rg5+) 26. Re3 {[%emt 0:00:00] Rg3 is the strong threat.} e5 (26... Bxg2 $2 27. Rg1 (27. Rg3 Bxf1 28. Ne4 Rf8 $18) 27... Kh8 28. Rg3 $18) 27. Qf2 Qh6 (27... Bxg2 $2 28. Rg1 Qh6 29. Rxg2+ Kh8 30. Kb1 $18) 28. Kb1 Rf8 29. Ne2 Kh8 $36 {[%emt 0:04:26][%cal Oc6g2][%mdl 2048] Black fights for an advantage. Active counter play!} 30. Ng3 Qg6 31. Rg1 Rad8 32. Nf5 Qg4 {[%emt 0:01:39] Threatens to win with ...Be4.} 33. Ree1 Be4 34. Ne3 Qe6 35. g4 hxg4 36. Rxg4 (36. Nxg4 {is a better defense.} f5 37. Qg3) 36... f5 $19 37. Rg5 Rc8 {[%emt 0:01:43] ...f4 would be deadly.} 38. Re2 Rfd8 {[%emt 0:03:00][%cal Bf8d8,Bd8d7,Bd7c7,Bc7c2][%mdl 32] Prevents Nd1. Hoping for ...f4.} 39. Rg1 Rd7 40. Nd1 {[%emt 0:00:00] [#]} (40. Rd1 $142) 40... Rdc7 $1 41. Rxe4 (41. Nc3 Rxc3 42. Rxe4) 41... Rxc2 {[%emt 0:31:41] Weighted Error Value: White=0.20 (precise) /Black=0.08 (flawless)} (41... fxe4 $2 {too greedy.} 42. Nc3 $19) 0-1

[Event "Israeli Team-ch 2023"]
[Site "Petah Tikva"]
[Date "2023.05.05"]
[Round "9.5"]
[White "Kuprijanov, Anatoly"]
[Black "Vydeslaver, Alik"]
[Result "1/2-1/2"]
[ECO "A16"]
[WhiteElo "2270"]
[BlackElo "2385"]
[Annotator "TA"]
[PlyCount "113"]
[EventDate "2023.01.13"]
[EventCountry "ISR"]
[SourceTitle "playchess.com"]
[Source "ChessBase"]
[SourceQuality "1"]
[TimeControl "40/5400+30:1800+30"]

1. Nf3 Nf6 2. c4 g6 3. Nc3 d5 4. cxd5 Nxd5 5. Qa4+ Bd7 6. Qd4 {[%emt 0:00:54] A16: English Opening: 1...Nf6 with ...d5.} Nf6 7. Qh4 Nc6 8. d3 Bg4 9. Bg5 Bxf3 10. gxf3 Bg7 {[%emt 0:00:34] [#]} 11. Bg2 $146 ({Predecessor:} 11. Bh6 O-O 12. Bxg7 Kxg7 13. Rc1 Nd4 14. Rg1 c5 15. Qf4 Rc8 16. Qd2 Qd6 17. Rg3 {0-1 Benes,P (2202)-Grandelius,N (2162) Marianske Lazne IM 2007 (3)}) 11... Nd4 {[%emt 0:03:33] Threatens to win with ...Nc2+.} 12. Rc1 {[%emt 0:06:00] Prevents Nc2+} c6 13. O-O h6 14. Be3 Nf5 {[%emt 0:01:09] A dynamic duo of knights.} 15. Qb4 Nxe3 16. fxe3 Qb6 17. Qxb6 axb6 18. f4 (18. d4 $11) 18... Ng4 $1 $17 19. Rf3 Bxc3 20. bxc3 Rxa2 21. Rg3 Nf6 22. Rb1 Nd7 (22... Rxe2 23. Rxb6 O-O 24. Rxb7 $15) 23. Kf2 e6 24. h4 Ra5 25. Bf3 h5 26. e4 Ke7 27. e5 Rha8 28. c4 Ra1 29. Rgg1 Rxb1 30. Rxb1 $15 {[%emt 0:00:01][%mdl 4096] Endgame KRB-KRN} Kd8 31. Ke3 Ra4 32. Rb2 Kc7 33. Rb1 Ra3 34. Kd2 c5 35. Ke3 Ra2 36. Be4 Nb8 37. f5 {[%emt 0:04:08][%mdl 64] Deflection} exf5 (37... gxf5 38. Bf3 $15) 38. Bd5 Nc6 39. Bxf7 Nxe5 40. Bd5 {[%emt 0:00:05] [#]} f4+ 41. Kxf4 $11 Rxe2 42. Be4 Nc6 43. Bxg6 Rh2 44. Kg5 Ne5 45. Be4 {[%emt 0:00:00] Prevents Rg2+.} Rh3 46. Kxh5 {[%emt 0:00:00] And now Kg5 would win.} Nxd3 47. Rh1 (47. Kg5 $5 ) 47... Rxh1 48. Bxh1 {[%emt 0:00:00] aiming for Be4. KB-KN} Ne5 49. Kg5 b5 $1 ({Don't play} 49... Nxc4 50. h5 Ne5 51. Kf5 $16) 50. cxb5 c4 $1 51. Be4 {[%emt 0:01:08] Hoping for Kf5.} c3 52. h5 Kd6 53. Kf4 {[%emt 0:01:04][%cal Oh5h6] h6! would be deadly.} (53. Bxb7 {leads to mate.} c2 54. h6 c1=Q+ 55. Kh4 Qxh6+ 56. Kg3 Qg7+ 57. Kf2 Qxb7 58. Kf1 Qxb5+ 59. Kg2 Qe2+ 60. Kg3 Qf3+ 61. Kh2 Ng4+ 62. Kg1 Qf2+ 63. Kh1 Qh2#) 53... Nf7 54. Ke3 (54. Bxb7 c2 55. Kg3 c1=Q 56. Kh2 Qf4+ 57. Kg2 Qd2+ 58. Kg3 Qe3+ 59. Bf3 Ne5 60. Kh4 Qf4+ 61. Kh3 Qxf3+ 62. Kh2 Ng4+ 63. Kg1 Qf2+ 64. Kh1 Qh2#) 54... Ke7 $2 (54... Kc5 $11 {and Black has nothing to worry.}) 55. Bxb7 $18 {[%emt 0:00:32] Black must now prevent Ba6.} Nd6 {[%emt 0:00:00][%cal Oc3c2] [#]} 56. h6 $2 Kf6 $11 (56... c2 $5 57. Kd2 $8 Kf6 $11) 57. Kd3 {[%emt 0:00:32] Weighted Error Value: White=0.20 (precise) /Black=0.24 (precise)} 1/2-1/2

[Event "Israeli Team-ch 2023"]
[Site "Petah Tikva"]
[Date "2023.05.05"]
[Round "9.7"]
[White "Gorodetzky, David"]
[Black "Navarro Guerrero, Pavel. E."]
[Result "0-1"]
[ECO "A01"]
[WhiteElo "2492"]
[BlackElo "2152"]
[Annotator "TA"]
[PlyCount "30"]
[EventDate "2023.01.13"]
[EventCountry "ISR"]
[SourceTitle "playchess.com"]
[Source "ChessBase"]
[SourceQuality "1"]
[TimeControl "40/5400+30:1800+30"]

1. b3 g6 2. h3 Bg7 3. c3 {[#]} b5 $146 ({Predecessor:} 3... c5 4. a3 Nc6 5. d3 d5 6. Bb2 e5 7. Nd2 f5 8. b4 e4 9. bxc5 e3 {0-1 Harrison,H (1798)-Ly,M (2479) Begonia op 54th 2020 (2)}) 4. g3 Bb7 5. f3 b4 6. Bg2 {A01: Nimzowitsch-Larsen Opening.} bxc3 7. dxc3 e6 8. Kf1 (8. e4 $15) 8... Ne7 9. Ba3 $2 {[%mdl 8192] [#]} (9. h4 $17 {is a better chance.}) 9... O-O $2 (9... Nf5 10. Bc5 Nxg3+ 11. Ke1 Nxh1 12. Bxh1 d5) 10. Qe1 d6 11. h4 c5 (11... Nd7 $142 12. h5 gxh5 13. Rxh5 f5) 12. b4 $2 (12. h5 $17) 12... Nbc6 (12... cxb4 $142 13. Bc1 Qb6) 13. Nd2 $2 {[#]} (13. bxc5 dxc5 14. f4) 13... a6 $2 (13... cxb4 14. Rb1 Nd5) 14. Bc1 $2 (14. bxc5 Bxc3 15. Rc1) 14... cxb4 $19 (14... Bxc3 $2 {loses.} 15. Rb1 $19) 15. f4 bxc3 {Weighted Error Value: White=1.76/Black=1.24} 0-1

[Event "Israeli Team-ch 2023"]
[Site "Petah Tikva"]
[Date "2023.05.05"]
[Round "9.8"]
[White "Sutovsky, Emil"]
[Black "Globus, Or"]
[Result "0-1"]
[ECO "C78"]
[WhiteElo "2615"]
[BlackElo "2411"]
[Annotator "TA"]
[PlyCount "74"]
[EventDate "2023.01.13"]
[EventCountry "ISR"]
[SourceTitle "playchess.com"]
[Source "ChessBase"]
[SourceQuality "1"]
[TimeControl "40/5400+30:1800+30"]

1. e4 e5 2. Nf3 Nc6 3. Bb5 a6 4. Ba4 Nf6 5. O-O b5 6. Bb3 Bc5 7. a4 {[%emt 0:00:15] axb5 is the strong threat. Nowadays more popular than 7.c3.} Rb8 {[%emt 0:01:01] [#] C78: Ruy Lopez: Archangelsk and Möller Defences.} (7... Nxe4 $2 8. axb5 Nxf2 9. Qe2 $18 (9. Rxf2 Bxf2+ 10. Kxf2 Nd4 $16)) 8. Nxe5 $1 {[%emt 0:00:17][%mdl 64] Deflection} Nxe5 9. d4 Bxd4 {[%emt 0:00:04] The position is equal.} 10. Qxd4 d6 11. f4 Nc6 12. Qc3 {[%emt 0:00:04] Hoping for e5.} Ne7 13. Qe1 O-O 14. f5 {[%emt 0:00:33] [#]} c5 $146 ({Predecessor:} 14... d5 15. e5 Ne4 16. f6 Ng6 17. fxg7 Re8 18. Nc3 Rxe5 19. Nxe4 Rxe4 20. Qf2 Be6 21. axb5 axb5 {½-½ Ivic,V (2581)-Grigoriants,S (2546) Titled Tuesday intern op 26th Jan blitz 2021 (8)}) 15. Bg5 c4 16. Bxf6 gxf6 17. Ba2 Qb6+ 18. Kh1 d5 19. Qg3+ Kh8 {[%emt 0:00:47] [#] Strongly threatening ...Bb7.} 20. a5 $1 $36 {[%emt 0:00:02][%mdl 2048] White has some pressure.} Qb7 21. Qd6 dxe4 {[%emt 0:10:26] Black is weak on the dark squares} (21... Rg8 $1 $11) 22. Qxf6+ $16 Kg8 23. Qg5+ (23. Nc3 {seems wilder.} Re8 24. Rae1 Nxf5 25. Rf4) 23... Kh8 24. Qf6+ Kg8 25. Nc3 Re8 26. Qg5+ Kh8 27. Qf6+ Kg8 28. Rae1 $1 Bxf5 {[%emt 0:04:18] [#]} (28... Nxf5 $16 29. Rxf5 Bxf5 30. Qxf5 Rbd8) 29. Rxf5 (29. b3 $1 $18 {[%cal Rb3c4] and the rest is easy.} Bg6 30. bxc4 bxc4 31. Bxc4) 29... Nxf5 30. Qxf5 Rbd8 {[%emt 0:04:31] Inhibits Nd5.} 31. Qg5+ (31. Rxe4 $2 Qxe4 32. Qg5+ Qg6 33. Qxg6+ hxg6 $19) 31... Kh8 32. Qf6+ Kg8 33. Re3 {[%emt 0:00:00] Black must now prevent Qh6.} (33. Rxe4 $2 Qxe4 34. h4 Qe3 $19) 33... Qc7 (33... Qd7 $1 $14 34. Rg3+ (34. Rxe4 Qd1+ {[%mdl 64] Back Rank} 35. Nxd1 Rxd1+) 34... Kf8 35. Qh6+ (35. Qxa6 $2 Qd1+ {[%mdl 64] Back Rank} 36. Nxd1 Rxd1#) 35... Ke7 36. Qg5+ (36. Qxa6 $2 Qd1+ {[%mdl 64] Back Rank} 37. Nxd1 Rxd1#) (36. Qh4+ Kd6 $14) 36... f6) 34. Rg3+ (34. Nxe4 $2 Rd1+) (34. Qxa6 $6 Qf4 35. Re1 Re6 36. Qxb5 Rh6 $11) 34... Kf8 {[%emt 0:00:27] [#]} 35. Qh6+ (35. Qxa6 $2 {is the wrong capture.} Qf4 36. Qa7 (36. Qxb5 $2 Qf1#) 36... Qf1+ 37. Qg1 Qxg1+ 38. Kxg1 e3 39. Bxc4 (39. Nxb5 $2 Rd1#) (39. Kf1 $2 b4 $19) 39... bxc4 $19) (35. Rg5 $1 $16 Re6 36. Qg7+ Ke8 37. Rf5 (37. Qxh7 Qf4 $11)) 35... Ke7 $11 36. Re3 (36. Qxh7 $2 Qf4 37. Kg1 Qc1+ 38. Kf2 Rd2+ 39. Ne2 Rxe2+ 40. Kxe2 Qxc2+ 41. Ke3 Qc1+ 42. Ke2 Qxb2+ 43. Ke3 Qc1+ 44. Ke2 Qc2+ 45. Ke3 Qc1+ 46. Ke2 Qb2+ 47. Ke3 Qc1+ $19) 36... Qd6 {[%emt 0:04:08] ( -> ...Qd1+). The board is on fire.} 37. Qxh7 $2 {[%emt 0:00:00][%mdl 8192] [#]} (37. Qh4+ $11 Kf8 38. h3 (38. Nxe4 $2 {loses.} Qf4 $19 {[%mdl 64] Double Attack})) 37... Qd1+ $3 {[%emt 0:00:18][%mdl 576] Back Rank. A superb game by Globus.   Weighted Error Value: White=0.38/Black=0.12 (very precise)} 0-1